 Dungeon Crawl Stone Soup version 0.29-a0-360-g8ed1089bbe (webtiles) character file.

Game seed: 10748566261487680518

72 sammy202020 the Skirmisher (level 4, -2/29 HPs)
             Began as a Gargoyle Fighter on Apr 29, 2022.
             Slain by Terence
             ... wielding a +6 short sword of venom
              (11 damage)
             ... on level 2 of the Dungeon.
             The game lasted 00:02:53 (1833 turns).

sammy202020 the Skirmisher (Gargoyle Fighter)       Turns: 1833, Time: 00:02:53

Health: -2/29      AC: 12    Str: 20    XL:     4   Next: 25%
Magic:  4/4        EV:  7    Int: 10    God:
Gold:   64         SH:  4    Dex:  9    Spells: 3/3 levels left

rFire   . . .      SeeInvis .   a - +0 flail
rCold   . . .      Faith    .   c - +0 buckler
rNeg    + . .      Spirit   .   e - +0 chain mail
rPois   ∞          Reflect  .   (no helmet)
rElec   +          Harm     .   (no cloak)
rCorr   .          Rampage  .   (no gloves)
Will    .....                   (no boots)
Stlth   ..........              (no amulet)
HPRegen 0.09/turn               (no ring)
MPRegen 0.09/turn               (no ring)

@: mighty
A: sickness immunity, AC +3, negative energy resistance 1, electricity
resistance, torment resistance 1, petrification resistance
a: no special abilities


You were on level 2 of the Dungeon.
You visited 1 branch of the dungeon, and saw 2 of its levels.

You collected 64 gold pieces.

Inventory:

Hand Weapons
 a - a +0 flail (weapon)
 j - a +0 hunting sling
 k - a +0 hand axe
Missiles
 m - 2 curare-tipped darts (quivered)
Armour
 c - a +0 buckler (worn)
 e - a +0 chain mail (worn)
Scrolls
 b - 2 scrolls of identify
 h - 2 scrolls of teleportation
Potions
 f - a potion of degeneration {unknown}
 g - a potion of brilliance
 i - a potion of curing {unknown}
 l - a potion of heal wounds {unknown}


   Skills:
 * Level 4.1 Fighting
 * Level 3.0 Maces & Flails
 + Level 3.6 Armour
 + Level 3.8 Shields


You had 3 spell levels left.
You didn't know any spells.
Your spell library contained the following spells:

 Spells                   Type           Power      Damage    Failure   Level
 Wereblood                Tmut           0%         N/A       100%        2
 Summon Hydra             Summ           0%         N/A       100%        7
 Sublimation of Blood     Necr           Unusable   N/A       N/A         2

Dungeon Overview and Level Annotations

Branches:
Dungeon (2/15)

Altars:
Makhleb

Shops:
D:1 !   D:2 *!

Annotations:
D:2 Natasha, Terence


Innate Abilities, Weirdness & Mutations

You are immune to sickness and miasma.
Your stone body is resilient. (AC +3)
You are immune to poison.
You resist negative energy. (rN+)
You are resistant to electric shocks. (rElec)
You are resistant to unholy torment.
You are immune to petrification.


Message History

You are too injured to fight recklessly!
You are too injured to fight recklessly!
You are too injured to fight recklessly!
You are too injured to fight recklessly!
You are too injured to fight recklessly!
You are too injured to fight recklessly!
You are too injured to fight recklessly!
You are too injured to fight recklessly!
You are too injured to fight recklessly!
You are too injured to fight recklessly!
Unknown command.
Terence barely misses you. You block Natasha's attack.
Sorry, you're not good enough to have a special ability.
You feel very mighty all of a sudden. Terence barely misses you.
You hit Terence.
Terence is moderately wounded.
You block Terence's attack.
Terence hits you with a +6 short sword of venom.
You closely miss Terence.
Terence is moderately wounded.
Terence hits you with a +6 short sword of venom.
* * * LOW HITPOINT WARNING * * *
You sock Terence!
Terence is almost dead.
Terence barely misses you.
You closely miss Terence.
Terence is almost dead.
Terence hits you but does no damage.
The crimson imp blinks!
You closely miss Terence.
Terence is almost dead.
Terence hits you but does no damage.
Natasha howls an incantation.
Natasha shimmers violently.
Terence hits you but does no damage.
You barely miss Terence.
Terence is almost dead.
Natasha casts a spell.
Terence hits you with a +6 short sword of venom!
You die...

#......##.....#
#......##.....# ♣.♣♣
#...|..##.#.#.# ♣♣...♣
#. #......##.#.#.#
♣....♣ #..
#......##.#.#.# #....#
... #####'###.#.###
#....# ##.. #.# #.#.#
#.5.# . ... #.# #.#.#
####...# ..###. #.#
#.#.# #.@@h..# ......
#.# #.#.# #.##.####..
...... #.# #...#
#.#<........ ..####
#.#########5#.#.......
####
#.............+.......
+...
###########.#.#)......
#### #.#.#####...
#.#.# ... #.#.# ##


You could see Terence, Natasha, a crimson imp (summoned) and a shadow imp
(summoned).

Vanquished Creatures
  A gnoll (D:1)
  An adder (D:2)
  A worm (D:2)
  4 dart slugs
  3 ball pythons (D:1)
  3 giant cockroaches (D:1)
  3 goblins (D:1)
  6 hobgoblins
  2 quokkas (D:1)
  3 bats (D:1)
  5 frilled lizards
  4 kobolds
  6 rats
42 creatures vanquished.

Notes
Turn   | Place    | Note
-------+----------+-------------------------------------------
     0 | D:1      | sammy202020 the Gargoyle Fighter began the quest for the
                  | Orb.
     0 | D:1      | Reached XP level 1. HP: 14/14 MP: 1/1
    84 | D:1      | Reached XP level 2. HP: 17/19 MP: 2/2
   520 | D:1      | Reached XP level 3. HP: 24/24 MP: 3/3
   721 | D:1      | Found a faded altar of an unknown god.
   825 | D:1      | Found Esa Koma's Distillery.
  1329 | D:2      | Reached skill level 4 in Fighting
  1408 | D:2      | Found a burning altar of Makhleb.
  1452 | D:2      | Found Poysk's Distillery.
  1454 | D:2      | Found Nesobba's Assorted Antiques.
  1497 | D:2      | Reached XP level 4. HP: 25/29 MP: 4/4
  1816 | D:2      | Noticed Terence
  1818 | D:2      | Noticed Natasha
  1833 | D:2      | Slain by Terence

Illustrated notes

Levels and vault maps discovered:
D:1:      minmay_arrival_stone_box, layout_basic,
          chequers_ecumenical_altar_grove, serial_shops, shop,
          minmay_misc_feat_pillars, minmay_three_crescents
D:2:      layout_basic, serial_shops, shop, shop, basic_altar,
          uniq_crazy_yiuf_cottage, uniq_terence, uniq_natasha

Skill      XL: |  1  2  3  4 |
---------------+-------------+-----
Fighting       | 4 |  4.1
Maces & Flails | 3 |  3.0
Armour         | |  3.6
Shields        | |  3.8

Action                   |  1- 3 |  4- 6 || total
-------------------------+-------+-------++-------
Melee: Flail             |   127 |    31 ||   158
  Use: Scroll            |     2 |       ||     2
       Potion            |       |     1 ||     1
Armor: Chain mail        |    92 |    22 ||   114
Dodge: Dodged            |    41 |    10 ||    51
Block: Buckler           |    26 |     5 ||    31

Table legend: (Time is in decaauts)
 A = Elapsed time spent in this place.
 B = Non-inter-level travel time spent in this place.
 C = Inter-level travel time spent in this place.
 D = Time resting spent in this place.
 E = Time spent auto-exploring this place.
 F = Levels seen in this place.
 G = Mean time per level.
                   A        B        C        D        E       F      G
               +--------+--------+--------+--------+--------+-----+--------+
         Total |   1882 |   1793 |     89 |      0 |   1381 |   2 |  941.0 |
       Dungeon |   1882 |   1793 |     89 |      0 |   1381 |   2 |  941.0 |
               +--------+--------+--------+--------+--------+-----+--------+

Top non-repeatable levels by time:
     D:1: 1357 daAuts
     D:2: 525 daAuts
